Match 47013215
Unlisted

Match 47013215
End
Kradschützen Motorcycle Team
Selects Panzerjäger Kommand Battlegroup
Selects Mine Fields
Panzergrenadier Squad
Panzergrenadier Squad
Construct Light Support Kompanie
Panzerjäger Squad
Fire Support Elements
Flakvierling Half-track
Assault Mechanized Group
Selects Tank Busters
Selects Crew Shock Tactics
nidjo
地表最弱生物
Norris
Hacha
XuZhongwei
Why So Serious !!!!!!
罗小仙
duimianshisb
0
0

Comments sign in to comment!

No comments posted yet!